 Dungeon Crawl Stone Soup version 0.25-a0-403-g49d089a364 (webtiles) character file.

Game seed: 15478922270711421529, levelgen mode: deterministic

296 Erk the Firebug (level 6, 0/51 HPs)
             Began as a Draconian Fire Elementalist on Jan 9, 2020.
             Killed by nerve-wracking pain
             ... invoked by Grinder
              (3 damage)
             ... on level 5 of the Dungeon.
             The game lasted 00:31:01 (3515 turns).

Erk the Firebug (Draconian Fire Elementalist)       Turns: 3515, Time: 00:31:01

Health: 0/51       AC:  6    Str: 10    XL:     6   Next: 12%
Magic:  2/11       EV: 12    Int: 17    God:
Gold:   178        SH:  0    Dex: 12    Spells: 10/11 levels left

rFire    . . .     SeeInvis .   t - +2 mace (pain)
rCold    . . .     Gourm    .   (no shield)
rNeg     . . .     Faith    .   (armour unavailable)
rPois    .         Spirit   .   (helmet restricted)
rElec    .         Reflect  .   (no cloak)
rCorr    .         Harm     .   (no gloves)
MR       .....                  (no boots)
Stlth    ++........             (no amulet)
HPRegen  0.17/turn              (no ring)
MPRegen  0.12/turn              (no ring)

@: very slightly contaminated
A: unfitting armour, cold-blooded, AC +6
a: no special abilities


You were on level 5 of the Dungeon.
You were not hungry.

You visited 1 branch of the dungeon, and saw 5 of its levels.

You collected 178 gold pieces.

Inventory:

Hand Weapons
 h - a +0 whip of distortion
 k - a +0 dagger of pain
 o - a +0 short sword
 s - a cursed +0 short sword
 t - a +2 mace of pain (weapon)
 v - a +0 dagger
 y - a +0 short sword
Missiles
 c - 43 stones (quivered)
 i - 123 arrows
 q - 3 throwing nets
 u - 21 bolts
Armour
 m - a +2 buckler
 p - a +0 large shield
Jewellery
 n - an uncursed amulet of faith {unknown}
 A - an uncursed ring of poison resistance {unknown}
Wands
 l - a wand of paralysis (13)
 B - a wand of iceblast (7)
Scrolls
 d - a scroll of random uselessness {unknown}
 f - 4 scrolls of remove curse {unknown}
 j - 5 scrolls of identify {unknown}
 r - 3 scrolls of teleportation {unknown}
 w - a scroll of amnesia {unknown}
 x - a scroll of enchant weapon {unknown}
Potions
 a - 2 potions of flight {unknown}
 e - a potion of curing {unknown}
 g - a potion of might {unknown}
 z - a potion of ambrosia {unknown}
Comestibles
 b - 4 rations


   Skills:
 + Level 3.2 Fighting
 - Level 1.7 Dodging
 - Level 1.7 Stealth
 + Level 3.3 Spellcasting
 + Level 3.0 Conjurations
 + Level 4.2 Fire Magic


You had 10 spell levels left.
You knew the following spells:

 Your Spells              Type           Power        Failure   Level  Hunger
a - Foxfire               Conj/Fire      ###.         3%          1    None

Your spell library contained the following spells:

 Spells                   Type           Power        Failure   Level  Hunger
 Conjure Flame            Conj/Fire      ###.....     11%         3    ###....
 Inner Flame              Hex/Fire       ##......     22%         3    ###....
 Sticky Flame             Conj/Fire      ###.....     36%         4    ####...
 Fireball                 Conj/Fire      ###.......   71%         5    ######.


Dungeon Overview and Level Annotations

Branches:
Dungeon (5/15)
 Temple: D:4-7

Altars:
Elyvilon
Zin

Annotations:
D:5 Grinder


Innate Abilities, Weirdness & Mutations

Your plain brown scales are hard. (AC +6)
You cannot fit into any form of body armour.
You are cold-blooded and may be slowed by cold attacks.


Message History

Grinder gestures at you. Pain shoots through your body! Grinder hits you.
* * * LOW HITPOINT WARNING * * *
You writhe in agony.
* * * LOW HITPOINT WARNING * * *
Grinder blinks!
You can move again.
Grinder grins, showing sharp teeth.
Grinder hits you.
* * * LOW HITPOINT WARNING * * *
You writhe in agony.
* * * LOW HITPOINT WARNING * * *
Grinder gestures at you. Pain shoots through your body!
* * * LOW HITPOINT WARNING * * *
There is a stone staircase leading up here.
Grinder gestures at you. Pain shoots through your body!
You die...

. ##........#.. ..
...##...... ... ...
....#.#..# ......
....###....#.# .......
.............#
#........
#.........####........
#.........##..........
##..#................
#..###....@.....>.##
#...........5......#.
#...................
##........#.?.......
....................
#........#.#.......#.
####....>#.##...$..#
##...............#
##...............


You could see Grinder.

Vanquished Creatures
  2 orc wizards
  Terence (D:2)
  3 worker ants
  4 adders
  An ooze (D:1)
  3 worms
  3 dart slugs
  6 leopard geckos
  4 orcs
  2 ball pythons (D:3)
  A giant cockroach (D:3)
  8 goblins
  4 hobgoblins
  15 jackals
  5 kobolds
  3 quokkas
  9 bats
  4 frilled lizards
  5 rats
83 creatures vanquished.

Vanquished Creatures (others)
  224 foxfires
224 creatures vanquished.

Grand Total: 307 creatures vanquished

Notes
Turn   | Place    | Note
-------+----------+-------------------------------------------
     0 | D:1      | Erk the Draconian Fire Elementalist began the quest for the
                  | Orb.
     0 | D:1      | Reached XP level 1. HP: 14/14 MP: 3/3
     4 | D:1      | Noticed a merfolk zombie
     6 | D:1      | Noticed a minotaur zombie
     9 | D:1      | Noticed a merfolk zombie
   314 | D:1      | Reached XP level 2. HP: 22/22 MP: 0/5
   412 | D:1      | Reached skill level 1 in Fighting
   746 | D:2      | Reached XP level 3. HP: 28/28 MP: 3/6
  1011 | D:3      | Found a white marble altar of Elyvilon.
  1053 | D:5      | Entered Level 5 of the Dungeon
  1072 | D:4      | Reached XP level 4. HP: 22/36 MP: 1/7
  1265 | D:2      | Noticed Terence
  1307 | D:2      | Killed Terence
  2051 | D:2      | Reached XP level 5. HP: 33/42 MP: 9/9
  2222 | D:4      | Noticed an ogre
  2408 | D:3      | Found a glowing silver altar of Zin.
  2476 | D:3      | Reached skill level 4 in Fire Magic
  3242 | D:4      | Reached XP level 6. HP: 47/51 MP: 1/10
  3495 | D:5      | Noticed Grinder
  3497 | D:5      | Paralysed by Grinder for 6 turns
  3506 | D:5      | Paralysed by Grinder for 6 turns
  3515 | D:5      | Killed from afar by Grinder

Levels and vault maps discovered:
D:1:      shiori_arrival_whats_in_store_for_you, layout_loops_ring
D:2:      kennysheep_big_flooded_room, layout_rooms, first_ration,
          minmay_misc_feat_square, uniq_terence
D:3:      layout_loops_cross, marbit_many_paths, grunt_ministairs_15,
          elyvilon_altar_5
D:4:      layout_basic
D:5:      layout_cave_pools, minmay_temple_entry_glass, uniq_grinder

Skill      XL: |  1  2  3  4  5 |
---------------+----------------+-----
Fighting       | 1 2 3 |  3.2
Conjurations   | 2 3 |  3.0
Spellcasting   | 3 |  3.3
Fire Magic     | 4 |  4.2
Dodging        | |  1.7
Stealth        | |  1.7

Action                   |  1- 3 |  4- 6 || total
-------------------------+-------+-------++-------
Melee: Dagger            |    53 |    37 ||    90
       Tailslap          |     9 |     8 ||    17
       Mace              |       |    43 ||    43
 Cast: Foxfire           |    44 |   103 ||   147
Evoke: Wand              |       |     2 ||     2
 Stab: Sleeping          |     1 |     2 ||     3
  Eat: Chunk             |     1 |     5 ||     6
       Ration            |       |     1 ||     1
Armor: Skin              |    26 |    32 ||    58
Dodge: Dodged            |    32 |    81 ||   113

Table legend:
 A = Non-vault XP
 B = Vault XP
 C = Vault XP percentage of total XP
 D = Non-vault monster count
 E = Vault monster count
 F = Vault count percentage of total count
                 A         B        C        D         E       F
            +---------+---------+-------+---------+---------+-------
      Total |     379 |      45 |  10.6 |      77 |       6 |   7.2
            +---------+---------+-------+---------+---------+-------
        D:1 |      40 |       0 |   0.0 |      17 |       0 |   0.0
        D:2 |      78 |      40 |  33.9 |      23 |       3 |  11.5
        D:3 |     115 |       5 |   4.2 |      21 |       3 |  12.5
        D:4 |     128 |       0 |   0.0 |      14 |       0 |   0.0
        D:5 |      18 |       0 |   0.0 |       2 |       0 |   0.0
            +---------+---------+-------+---------+---------+-------
